[ AOE2 MATCH · #505939373 ]
UnrankedPortuguese vs Teutons
Rival team · LOSS
[ REPLAY ANALYSIS · EXTRACTED FROM THE RECORDED GAME ]
Feudal
10:34
Castle
26:24
Imperial
34:37
| APM avg | 44.0 |
| APM peak | 107 |
| eAPM avg | 22.4 |
| Villagers / military | 65 / 13 |
Focus
⚔️ 20.8% · 🌾 79.2%
Archer ×4 · Organ Gun ×4 · Trebuchet (Packed) ×3 · Mangonel ×2
Feudal
8:54
Castle
23:20
Imperial
—
| APM avg | 22.9 |
| APM peak | 56 |
| eAPM avg | 13.3 |
| Villagers / military | 24 / 12 |
Focus
⚔️ 42.0% · 🌾 58.0%
Battering Ram ×6 · Mangonel ×5 · Monk ×1
Match map
Initial resources + every placement click. Lines = walls · curves = elevation contours. ◆ gold · ⬟ stone · ● berries · ✦ relic · ◌ wall gap
Your base· ✓ Closed at 26:24 · 53t walls · 3 gate(s)
Changed's base· ✓ Closed at 23:20 · 10t walls · 3 gate(s)
Smoothed initial terrain · ◌ = detected wall gap · hover for details
Inputs per minute
— DS_MD - - Changed
Build order — DS_MD
First 150 of 186 actions detected
| 0:00 | Queue | Villager (Male) |
| 0:01 | Queue | Villager (Male) |
| 0:01 | Queue | Villager (Male) |
| 0:02 | Build | House |
| 0:03 | Build | House |
| 0:26 | Queue | Villager (Male) |
| 0:26 | Queue | Villager (Male) |
| 1:38 | Queue | Villager (Male) |
| 1:39 | Queue | Villager (Male) |
| 2:01 | Queue | Villager (Male) |
| 2:01 | Queue | Villager (Male) |
| 2:06 | Build | Lumber Camp |
| 2:20 | Queue | Villager (Male) |
| 2:20 | Queue | Villager (Male) |
| 2:37 | Queue | Villager (Male) |
| 2:38 | Queue | Villager (Male) |
| 3:08 | Queue | Villager (Male) |
| 3:38 | Queue | Villager (Male) |
| 3:38 | Queue | Villager (Male) |
| 3:52 | Build | House |
| 3:58 | Build | House |
| 4:14 | Queue | Villager (Male) |
| 4:14 | Queue | Villager (Male) |
| 4:35 | Queue | Villager (Male) |
| 4:35 | Queue | Villager (Male) |
| 4:35 | Queue | Villager (Male) |
| 4:43 | Build | Mill |
| 5:36 | Build | House |
| 5:38 | Build | Palisade Wall |
| 6:08 | Queue | Villager (Male) |
| 6:43 | Queue | Villager (Male) |
| 6:43 | Queue | Villager (Male) |
| 6:56 | Build | Mining Camp |
| 7:24 | Research | Feudal Age |
| 7:33 | Queue | Villager (Male) |
| 7:45 | Research | Feudal Age |
| 7:46 | Research | Feudal Age |
| 7:49 | Queue | Villager (Male) |
| 8:06 | Research | Feudal Age |
| 8:45 | Build | Palisade Wall |
| 8:48 | Build | Palisade Wall |
| 9:20 | Build | Palisade Wall |
| 9:23 | Build | Palisade Wall |
| 9:34 | Queue | Villager (Male) |
| 9:41 | Build | Palisade Wall |
| 9:54 | Build | Mining Camp |
| 10:16 | Research | Loom |
| 10:31 | Build | House |
| 10:33 | Build | Palisade Wall |
| 10:34 | Age | Feudal Age |
| 10:34 | Build | Palisade Wall |
| 10:48 | Queue | Villager (Male) |
| 10:54 | Build | Watch Tower |
| 11:01 | Build | Watch Tower |
| 11:16 | Build | Palisade Wall |
| 11:20 | Queue | Villager (Male) |
| 11:24 | Build | House |
| 11:58 | Queue | Villager (Male) |
| 12:10 | Queue | Villager (Male) |
| 12:16 | Build | Watch Tower |
| 12:19 | Queue | Villager (Male) |
| 12:20 | Queue | Villager (Male) |
| 12:22 | Build | House |
| 12:32 | Build | Watch Tower |
| 12:37 | Queue | Villager (Male) |
| 12:41 | Build | Blacksmith |
| 13:00 | Build | Watch Tower |
| 13:01 | Queue | Villager (Male) |
| 13:07 | Build | Palisade Wall |
| 13:08 | Build | Palisade Wall |
| 13:27 | Build | Stone Wall |
| 13:32 | Build | Stone Wall |
| 13:33 | Research | Fletching |
| 13:34 | Build | Farm |
| 13:35 | Queue | Villager (Male) |
| 13:45 | Queue | Villager (Male) |
| 13:49 | Build | Stone Wall |
| 14:03 | Build | Farm |
| 14:30 | Build | Farm |
| 14:31 | Build | Farm |
| 14:35 | Queue | Villager (Male) |
| 14:37 | Build | Farm |
| 14:50 | Build | Watch Tower |
| 14:54 | Queue | Villager (Male) |
| 14:58 | Build | House |
| 15:04 | Build | Stone Wall |
| 15:40 | Build | Farm |
| 15:43 | Queue | Villager (Male) |
| 15:45 | Build | Farm |
| 16:27 | Build | Farm |
| 16:28 | Build | Farm |
| 16:42 | Queue | Villager (Male) |
| 16:49 | Build | Stone Wall |
| 17:00 | Build | House |
| 17:10 | Queue | Villager (Male) |
| 17:17 | Build | Lumber Camp |
| 17:34 | Build | Watch Tower |
| 17:41 | Queue | Villager (Male) |
| 17:45 | Build | Farm |
| 17:46 | Build | Farm |
| 18:14 | Queue | Villager (Male) |
| 18:34 | Build | Market |
| 18:43 | Queue | Villager (Male) |
| 19:20 | Queue | Villager (Male) |
| 19:24 | Build | House |
| 19:29 | Build | Farm |
| 19:30 | Build | Farm |
| 19:34 | Research | Wheelbarrow |
| 19:39 | Build | Farm |
| 20:01 | Queue | Villager (Male) |
| 20:07 | Build | Farm |
| 20:09 | Build | Farm |
| 21:04 | Queue | Villager (Male) |
| 21:08 | Build | Barracks |
| 21:43 | Queue | Villager (Male) |
| 21:50 | Build | Farm |
| 22:01 | Build | Archery Range |
| 22:05 | Queue | Villager (Male) |
| 22:24 | Queue | Villager (Male) |
| 22:27 | Build | House |
| 22:27 | Build | House |
| 23:00 | Queue | Villager (Male) |
| 23:02 | Build | Farm |
| 23:03 | Build | Farm |
| 23:04 | Queue | Archer |
| 23:04 | Queue | Archer |
| 23:05 | Queue | Archer |
| 23:44 | Research | Castle Age |
| 23:45 | Research | Castle Age |
| 23:58 | Queue | Archer |
| 24:30 | Build | Archery Range |
| 24:55 | Research | Double-Bit Axe |
| 25:33 | Build | House |
| 25:34 | Build | House |
| 25:41 | Queue | Villager (Male) |
| 25:41 | Queue | Villager (Male) |
| 25:45 | Build | Farm |
| 25:46 | Build | Farm |
| 25:49 | Build | Farm |
| 26:05 | Build | Farm |
| 26:24 | Age | Castle Age |
| 26:53 | Build | Castle |
| 27:02 | Build | House |
| 27:08 | Queue | Villager (Male) |
| 27:32 | Build | Farm |
| 27:42 | Queue | Villager (Male) |
| 28:05 | Queue | Villager (Male) |
| 28:05 | Queue | Villager (Male) |
| 28:10 | Queue | Organ Gun |
| 28:17 | Build | Siege Workshop |
Build order — Changed
72 actions detected in the replay
| 0:00 | Queue | Villager (Male) |
| 0:01 | Queue | Villager (Male) |
| 0:01 | Queue | Villager (Male) |
| 0:02 | Build | House |
| 0:04 | Build | House |
| 0:19 | Queue | Villager (Male) |
| 1:27 | Queue | Villager (Male) |
| 2:05 | Queue | Villager (Male) |
| 2:19 | Queue | Villager (Male) |
| 2:37 | Build | Lumber Camp |
| 2:58 | Queue | Villager (Male) |
| 2:58 | Queue | Villager (Male) |
| 3:05 | Build | House |
| 3:45 | Queue | Villager (Male) |
| 3:45 | Queue | Villager (Male) |
| 4:12 | Queue | Villager (Male) |
| 4:12 | Queue | Villager (Male) |
| 4:42 | Queue | Villager (Male) |
| 5:06 | Build | Mining Camp |
| 5:31 | Queue | Villager (Male) |
| 5:38 | Research | Loom |
| 5:59 | Queue | Villager (Male) |
| 6:00 | Queue | Villager (Male) |
| 6:44 | Research | Feudal Age |
| 7:05 | Queue | Villager (Male) |
| 7:31 | Build | House |
| 8:54 | Age | Feudal Age |
| 8:58 | Build | Watch Tower |
| 9:15 | Queue | Villager (Male) |
| 10:29 | Build | Watch Tower |
| 10:49 | Queue | Villager (Male) |
| 11:16 | Build | Watch Tower |
| 11:30 | Build | Blacksmith |
| 12:05 | Build | Palisade Wall |
| 12:07 | Build | Palisade Wall |
| 12:20 | Build | Palisade Wall |
| 12:40 | Research | Fletching |
| 13:37 | Queue | Villager (Male) |
| 13:38 | Queue | Villager (Male) |
| 14:16 | Build | Mill |
| 15:09 | Build | Watch Tower |
| 15:28 | Build | Watch Tower |
| 15:37 | Build | Watch Tower |
| 16:04 | Queue | Villager (Male) |
| 16:04 | Queue | Villager (Male) |
| 16:43 | Build | Market |
| 17:58 | Build | Palisade Wall |
| 18:00 | Build | Palisade Wall |
| 19:00 | Build | House |
| 20:01 | Build | House |
| 20:40 | Research | Castle Age |
| 22:43 | Build | Palisade Wall |
| 22:45 | Build | Palisade Wall |
| 22:46 | Build | Palisade Wall |
| 23:20 | Age | Castle Age |
| 24:34 | Build | Castle |
| 25:22 | Build | Mining Camp |
| 26:47 | Build | Siege Workshop |
| 27:15 | Queue | Battering Ram |
| 27:46 | Queue | Battering Ram |
| 28:20 | Queue | Battering Ram |
| 29:43 | Queue | Battering Ram |
| 31:10 | Queue | Mangonel |
| 31:10 | Queue | Mangonel |
| 31:16 | Build | Monastery |
| 31:53 | Build | Mining Camp |
| 32:07 | Queue | Mangonel |
| 32:21 | Queue | Monk |
| 33:15 | Queue | Mangonel |
| 33:50 | Queue | Mangonel |
| 35:01 | Queue | Battering Ram |
| 35:01 | Queue | Battering Ram |
Match timeline
| 5:38 | DS_MD · wall_segment Palisade Wall x4 |
| 8:45 | DS_MD · wall_segment Palisade Wall x4 |
| 8:48 | DS_MD · wall_segment Palisade Wall x3 |
| 8:54 | Changed · age_up feudal |
| 9:20 | DS_MD · wall_segment Palisade Wall x7 |
| 9:23 | DS_MD · wall_segment Palisade Wall x10 |
| 9:41 | DS_MD · wall_segment Palisade Wall x6 |
| 10:33 | DS_MD · wall_segment Palisade Wall x1 |
| 10:34 | DS_MD · age_up feudal |
| 10:34 | DS_MD · wall_segment Palisade Wall x1 |
| 11:16 | DS_MD · wall_segment Palisade Wall x3 |
| 12:05 | Changed · wall_segment Palisade Wall x1 |
| 12:07 | Changed · wall_segment Palisade Wall x1 |
| 12:20 | Changed · wall_segment Palisade Wall x4 |
| 13:07 | DS_MD · wall_segment Palisade Wall x1 |
| 13:08 | DS_MD · wall_segment Palisade Wall x1 |
| 13:27 | DS_MD · wall_segment Stone Wall x1 |
| 13:32 | DS_MD · wall_segment Stone Wall x7 |
| 13:49 | DS_MD · wall_segment Stone Wall x1 |
| 15:04 | DS_MD · wall_segment Stone Wall x1 |
| 16:49 | DS_MD · wall_segment Stone Wall x2 |
| 17:58 | Changed · wall_segment Palisade Wall x1 |
| 18:00 | Changed · wall_segment Palisade Wall x1 |
| 19:38 | Changed · first_market_sell 100 stone |
| 21:08 | DS_MD · first_building Barracks |
| 22:01 | DS_MD · first_building Archery Range |
| 22:43 | Changed · wall_segment Palisade Wall x1 |
| 22:45 | Changed · wall_segment Palisade Wall x1 |
| 22:46 | Changed · wall_segment Palisade Wall x1 |
| 23:20 | Changed · age_up castle |
| 23:26 | DS_MD · first_market_buy 100 food |
| 24:34 | Changed · first_building Castle |
| 26:24 | DS_MD · age_up castle |
| 26:29 | DS_MD · first_market_sell 100 wood |
| 26:47 | Changed · first_building Siege Workshop |
| 26:53 | DS_MD · first_building Castle |
| 28:17 | DS_MD · first_building Siege Workshop |
| 31:16 | Changed · first_building Monastery |
| 34:37 | DS_MD · age_up imperial |
| 37:07 | Changed · resign |
[ AI ANALYSIS · 1 CREDIT ]
What really happened in this match?
Wolo.gg analyzes every decision: build order, eco, micro, common mistakes by bracket. Personalized analysis on WhatsApp or Discord in 30 seconds.
Civ guide
Portuguese
Perfil
Jugador #2457324